 Dungeon Crawl Stone Soup version 0.29.0-4-gdea44cf6ec (webtiles) character file.

Game seed: 3808744784108108577

315 qw the Chopper (level 6, -16/35 HPs)
             Began as a Tengu Warper on Aug 28, 2022.
             Demolished by a large abomination (19 damage)
             ... on level 1 of the Abyss.
             The game lasted 00:00:21 (2942 turns).

qw the Chopper (Tengu Warper)                       Turns: 2942, Time: 00:00:22

Health: -16/35     AC: 12    Str: 13    XL:     6   Next: 43%
Magic:  10/10      EV:  5    Int: 13    God:
Gold:   82         SH:  0    Dex: 14    Spells: 9/9 levels left

rFire   . . .      SeeInvis .   Y - +0 hand axe
rCold   . . .      Faith    .   (no shield)
rNeg    . . .      Spirit   .   b - +0 plate armour
rPois   +          Reflect  .   (helmet restricted)
rElec   .          Harm     .   (no cloak)
rCorr   .          Rampage  .   (no gloves)
Will    .....                   (boots unavailable)
Stlth   ..........              (no amulet)
HPRegen 0.11/turn               f - ring of poison resistance
MPRegen 0.12/turn               (no ring)

@: flying quickly and evasively, quick
A: beak, talons 3, nimble flight
a: no special abilities


You were on level 1 of the Abyss.
You visited 1 branch of the dungeon, and saw 3 of its levels.
You visited the Abyss 1 time.

You collected 82 gold pieces.


Innate Abilities, Weirdness & Mutations

You have a beak for a mouth.
You have claws for feet.
Your magical nature lets you fly swiftly and evasively.


   Skills:
 - Level 2.0 Fighting
 + Level 5.4 Axes
 - Level 1.0 Throwing
 - Level 4.7 Armour
 - Level 2.1 Dodging
 - Level 2.0 Spellcasting
 - Level 2.4 Translocations


You had 9 spell levels left.
You didn't know any spells.
Your spell library contained the following spells:

 Spells                   Type           Power      Damage    Failure   Level
 Blink                    Tloc           14%        N/A       100%        2
 Gell's Gravitas          Tloc           7%         N/A       100%        3
 Lesser Beckoning         Tloc           7%         N/A       100%        3
 Teleport Other           Tloc           7%         N/A       100%        3
 Manifold Assault         Tloc           7%         N/A       100%        5

Inventory:

Hand Weapons
 i - a +2 vampiric whip
 Y - a +0 hand axe (weapon)
Missiles
 d - a boomerang (quivered)
Armour
 b - a +0 plate armour (worn)
Jewellery
 f - a ring of poison resistance (left hand)
Scrolls
 a - a scroll of identify
Potions
 c - a potion of might
 e - a potion of resistance
 g - 2 potions of curing
 h - a potion of mutation {unknown}
 k - a potion of haste {unknown}
 l - a potion of flight {unknown}

Dungeon Overview and Level Annotations

Branches:
Dungeon (3/15)

Altars:


Message History

As you read the scroll labelled GOHYEHI IGGIUH, it crumbles to dust.
You feel strangely unstable.
You feel the power of the Abyss delaying your translocation!
It was a scroll of teleportation.
You are suddenly pulled into a different region of the Abyss!
A raiju comes into view.
2869 ||| Stepping ~*~*~tactically~*~*~ (stealth).
A large abomination comes into view.
2934 ||| Stepping ~*~*~tactically~*~*~ (stealth).
The large abomination hits you but does no damage.
You hit the large abomination but do no damage.
The large abomination hits you!
You hit the large abomination.
The large abomination is lightly damaged.
An air elemental comes into view.
The large abomination hits you but does no damage.
You hit the large abomination but do no damage.
You peck the large abomination, but do no damage.
The large abomination is lightly damaged.
The large abomination hits you.
You hit the large abomination. Your kick misses the large abomination.
The large abomination is lightly damaged.
The large abomination hits you!!
Ouch! That really hurt!
You barely miss the large abomination.
You peck the large abomination, but do no damage.
The large abomination is lightly damaged.
The air elemental fires a burst of electricity at you.
The stunning burst hits you.
You suddenly lose the ability to move!
The large abomination hits you but does no damage.
You can move again.
You hit the large abomination but do no damage.
You claw the large abomination, but do no damage.
You peck the large abomination.
The large abomination is lightly damaged.
You barely miss the air elemental.
The air elemental hits you but does no damage. x2
The large abomination hits you!!
Ouch! That really hurt!
You die...

. ### ..##
####..
#...###..#.#
.#...#.#..#
#.#....#.#
..#...#..#
#......E# .
.#..#.@#
#.#...#X......
###.##...##...
#. ...# .#
##.. .#. .#.#
## .


You could see a large abomination and an air elemental.

Vanquished Creatures
  Sigmund (D:2)
  A scorpion (D:3)
  An adder (D:2)
  2 worms
  A dart slug (D:3)
  An orc (D:3)
  5 bats
  4 endoplasms
  5 giant cockroaches
  7 goblins
  6 hobgoblins
  7 kobolds
  3 quokkas
  10 ball pythons
  3 frilled lizards
  7 rats
64 creatures vanquished.

Notes
Turn   | Place    | Note
-------+----------+-------------------------------------------
     0 | D:1      | qw the Tengu Warper began the quest for the Orb.
     0 | D:1      | Reached XP level 1. HP: 12/12 MP: 4/4
     0 | D:1      | 0 ||| qw: Version: 0.1-a-89-g26bdef1
     0 | D:1      | 0 ||| qw: Game counter: 3208
     0 | D:1      | 0 ||| qw: Always use a shield: true
     0 | D:1      | 0 ||| qw: God list: Okawaru
     0 | D:1      | 0 ||| qw: Allow faded altars: false
     0 | D:1      | 0 ||| qw: Do Orc after D:15 true
     0 | D:1      | 0 ||| qw: Do second Lair branch before Depths: true
     0 | D:1      | 0 ||| qw: Lair rune preference: random
     0 | D:1      | 0 ||| qw: Plans: Normal
     0 | D:1      | 0 ||| PLANNING D:1-11
   146 | D:1      | Reached XP level 2. HP: 16/17 MP: 6/6
   157 | D:1      | Reached skill level 3 in Axes
   231 | D:1      | 231 ||| Stepping ~*~*~tactically~*~*~ (stealth).
   232 | D:1      | 232 ||| Stepping ~*~*~tactically~*~*~ (stealth).
   236 | D:1      | 236 ||| Stepping ~*~*~tactically~*~*~ (stealth).
   484 | D:1      | Found a faded altar of an unknown god.
   647 | D:1      | 647 ||| Stepping ~*~*~tactically~*~*~ (stealth).
   775 | D:1      | Reached XP level 3. HP: 18/21 MP: 7/7
  1071 | D:1      | 1071 ||| Stepping ~*~*~tactically~*~*~ (stealth).
  1076 | D:1      | Reached skill level 4 in Axes
  1081 | D:1      | 1081 ||| Stepping ~*~*~tactically~*~*~ (stealth).
  1083 | D:1      | 1083 ||| Stepping ~*~*~tactically~*~*~ (stealth).
  1171 | D:1      | 1171 ||| UPGRADING to +0 chain mail.
  1181 | D:1      | 1181 ||| DROPPING +0 leather armour.
  1182 | D:1      | 1182 ||| READING scroll labelled QIAZ IMAUMEL.
  1183 | D:1      | 1183 ||| READING scroll labelled XUILESTARE.
  1184 | D:1      | 1184 ||| READING scroll labelled NIUCUTATOE.
  1285 | D:1      | 1285 ||| DROPPING scroll of blinking.
  1313 | D:2      | 1313 ||| STAIRDANCE
  1325 | D:2      | 1325 ||| STAIRDANCE
  1664 | D:2      | Reached XP level 4. HP: 26/26 MP: 8/8
  1665 | D:2      | 1665 ||| DROPPING +0 club.
  1779 | D:2      | Noticed Sigmund
  1780 | D:2      | 1780 ||| Stepping ~*~*~tactically~*~*~ (hiding).
  1782 | D:2      | 1782 ||| FLEEEEING.
  1790 | D:2      | 1790 ||| FLEEEEING.
  1791 | D:2      | 1791 ||| FLEEEEING.
  1792 | D:2      | 1792 ||| FLEEEEING.
  1793 | D:2      | 1793 ||| FLEEEEING.
  1794 | D:2      | 1794 ||| FLEEEEING.
  1795 | D:2      | 1795 ||| FLEEEEING.
  1796 | D:2      | 1796 ||| FLEEEEING.
  1797 | D:2      | 1797 ||| FLEEEEING.
  1798 | D:2      | 1798 ||| FLEEEEING.
  1799 | D:2      | 1799 ||| STAIRDANCE
  1903 | D:1      | 1903 ||| UPGRADING to +0 plate armour.
  1913 | D:1      | 1913 ||| DROPPING +0 chain mail.
  1914 | D:1      | 1914 ||| READING scroll labelled COULYM ITIQOWY.
  1915 | D:1      | 1915 ||| READING 4 scrolls of identify.
  1915 | D:1      | 1915 ||| IDENTIFYING blue potion
  1916 | D:1      | 1916 ||| READING 3 scrolls of identify.
  1916 | D:1      | 1916 ||| IDENTIFYING fuming coppery potion
  1917 | D:1      | 1917 ||| READING 2 scrolls of identify.
  1917 | D:1      | 1917 ||| IDENTIFYING brown potion
  1918 | D:1      | 1918 ||| DROPPING potion of attraction.
  1937 | D:2      | Killed Sigmund
  1938 | D:2      | Gained mutation: Your magical nature lets you fly swiftly
                  | and evasively. [Tengu growth]
  1938 | D:2      | Reached XP level 5. HP: 12/30 MP: 9/9
  1938 | D:2      | Reached XP level 6. HP: 14/35 MP: 10/10
  2074 | D:2      | 2074 ||| FLEEEEING.
  2075 | D:2      | 2075 ||| FLEEEEING.
  2076 | D:2      | 2076 ||| FLEEEEING.
  2077 | D:2      | 2077 ||| FLEEEEING.
  2078 | D:2      | 2078 ||| STAIRDANCE
  2127 | D:2      | 2127 ||| STAIRDANCE
  2202 | D:2      | 2202 ||| Stepping ~*~*~tactically~*~*~ (stealth).
  2493 | D:2      | 2493 ||| READING scroll labelled PUNIV CISATE.
  2494 | D:2      | 2494 ||| READING scroll labelled LOGIBL ITA FEX.
  2512 | D:3      | 2512 ||| PLANNING SEWER
  2539 | D:3      | 2539 ||| Stepping ~*~*~tactically~*~*~ (stealth).
  2541 | D:3      | 2541 ||| Stepping ~*~*~tactically~*~*~ (stealth).
  2546 | D:3      | 2546 ||| Stepping ~*~*~tactically~*~*~ (stealth).
  2640 | D:3      | Reached skill level 5 in Axes
  2716 | D:3      | 2716 ||| Stepping ~*~*~tactically~*~*~ (hiding).
  2812 | Abyss:1  | Cast into level 1 of the Abyss (goblin)
  2813 | Abyss:1  | 2813 ||| UPGRADING to ring of poison resistance.
  2814 | Abyss:1  | 2814 ||| READING scroll labelled GOHYEHI IGGIUH.
  2868 | Abyss:1  | Noticed a raiju
  2869 | Abyss:1  | 2869 ||| Stepping ~*~*~tactically~*~*~ (stealth).
  2933 | Abyss:1  | Noticed a large abomination
  2934 | Abyss:1  | 2934 ||| Stepping ~*~*~tactically~*~*~ (stealth).
  2938 | Abyss:1  | Noticed an air elemental
  2940 | Abyss:1  | HP: 4/35 [large abomination (19)]
  2941 | Abyss:1  | Paralysed by an air elemental for 1 turns
  2942 | Abyss:1  | Demolished by a large abomination

Levels and vault maps discovered:
D:1:      dpeg_arrival_pond, layout_loops_ring,
          nicolae_ecumenical_snake_handling
D:2:      layout_rooms, uniq_crazy_yiuf_cottage, uniq_sigmund
D:3:      minmay_thinvault, layout_loops_ring, portal_sewer_entry_c,
          uniq_terence
Abyss:1:  base: D:3, minivault_23

Skill      XL: |  1  2  3  4  5  6 |
---------------+-------------------+-----
Axes           | 3 4 5 |  5.4
Armour         | 4 |  4.7
Fighting       | |  2.0
Throwing       | |  1.0
Dodging        | |  2.1
Spellcasting   | |  2.0
Translocations | |  2.4

Action                   |  1- 3 |  4- 6 || total
-------------------------+-------+-------++-------
Melee: Hand axe          |    87 |    58 ||   145
       Kick              |    19 |    20 ||    39
       Peck              |     6 |    15 ||    21
Throw: Boomerang         |     7 |    24 ||    31
  Use: Scroll            |     3 |     7 ||    10
Armor: Leather armour    |    16 |       ||    16
       Chain mail        |    13 |     2 ||    15
       Plate armour      |       |    31 ||    31
Dodge: Dodged            |    31 |     4 ||    35

Table legend:
 A = Non-vault XP
 B = Vault XP
 C = Vault XP percentage of total XP
 D = Non-vault monster count
 E = Vault monster count
 F = Vault count percentage of total count
                 A         B        C        D         E       F
            +---------+---------+-------+---------+---------+-------
      Total |     106 |     344 |  76.4 |      53 |      11 |  17.2
            +---------+---------+-------+---------+---------+-------
        D:1 |      43 |       6 |  12.2 |      27 |       4 |  12.9
        D:2 |      47 |     239 |  83.6 |      19 |       1 |   5.0
        D:3 |      16 |      99 |  86.1 |       7 |       6 |  46.2
            +---------+---------+-------+---------+---------+-------
